 Dungeon Crawl Stone Soup version 0.31.0-11-ge490571c62 (webtiles) character file.

Game seed: 3369562554766057694

2 browni3141 the Trooper (level 1, -2/18 HPs)
             Began as a Demonspawn Cinder Acolyte on Jan 31, 2024.
             Was a High Priest of Ignis.
             Slain by a jackal (3 damage)
             ... on level 1 of the Dungeon.
             The game lasted 00:00:04 (93 turns).

browni3141 the Trooper (Demonspawn Cinder Acolyte)    Turns: 93, Time: 00:00:04

Health: -2/18      AC:  2    Str: 14    XL:     1   Next: 33%
Magic:  2/2        EV: 11    Int: 14    God:    Ignis [*****.]
Gold:   0          SH:  0    Dex:  8    Spells: 2/2 levels left

rFire   + . .        a - -1 mace (flame)
rCold   . . .        (no shield)
rNeg    . . .        b - +0 robe
rPois   .            (no helmet)
rElec   .            (no cloak)
rCorr   .            (no gloves)
SInv    .            (no boots)
Will    .....        (no amulet)
Stlth   +            (no ring)
HPRegen 0.23/turn    (no ring)
MPRegen 0.08/turn

%: no passive effects
@: no status effects
A: no striking features
a: Renounce Religion, Fiery Armour, Foxfire Swarm, Rising Flame


You were on level 1 of the Dungeon.
You worshipped Ignis.
Ignis was extremely pleased with you.
You visited 1 branch of the dungeon, and saw 1 of its levels.

Inventory:

Hand Weapons
 a - a -1 mace of flaming (weapon)
Armour
 b - a +0 robe (worn)


   Skills:
 + Level 3.0 Fighting
 + Level 2.7 Maces & Flails
 + Level 1.0 Spellcasting
 + Level 2.7 Fire Magic


You had 2 spell levels left.
You didn't know any spells.
Your spell library contained the following spells:

 Spells                   Type           Power      Damage    Failure   Level
 Scorch                   Fire           16%        2d5       13%         2


Dungeon Overview and Level Annotations

Branches:
Dungeon (1/15)

Altars:


Message History

Welcome, browni3141 the Demonspawn Cinder Acolyte.
A smirking vizier told you that the Orb of Zot is just within this dungeon.
The flames of Ignis gently warm you.
Press ? for a list of commands and other information.
Found a staircase leading out of the dungeon.
Setting a skill training target for Axes at 18.0.
Setting a skill training target for Invocations at 14.0.
Setting a skill training target for Throwing at 11.0.
You open the door.
There is an open door here.
You see here a +3 whip of distortion.
Found a stone staircase leading down.
A jackal comes into view.
A jackal is nearby!
A jackal is nearby!
A jackal is nearby!
A jackal comes into view.
The jackal barks!
You hear a bark!
A jackal comes into view. x2
The jackal barks!
The jackal barely misses you.
You barely miss the jackal. The jackal closely misses you.
The jackal bites you.
You hit the jackal but do no damage. The jackal bites you.
The jackal barely misses you.
You miss the jackal. The jackal misses you.
A kobold comes into view. It is wielding a +0 dagger.
You miss the jackal.
The jackal bites you but does no damage.
The jackal stops to sniff the ground.
The jackal closely misses you.
You hit the jackal. You burn the jackal.
You kill the jackal!
The jackal bites you.
You miss the jackal. The jackal bites you. The jackal misses you.
You barely miss the jackal. The jackal bites you.
The jackal bites you but does no damage.
You hit the jackal. You burn the jackal.
You kill the jackal!
The jackal closely misses you.
A kobold breaks down the door.
You barely miss the jackal. The jackal closely misses you.
The jackal bites you but does no damage.
The jackal barely misses you.
You miss the jackal. The jackal misses you. The jackal closely misses you.
The jackal barely misses you. x2
You hit the jackal but do no damage. The jackal closely misses you.
The jackal bites you. x3
You closely miss the jackal. The jackal closely misses you.
The jackal bites you.
You hit the jackal. You burn the jackal.
The jackal is heavily wounded.
The jackal bites you.
The jackal bites you but does no damage.
The jackal barely misses you. x2
You closely miss the jackal.
The jackal is heavily wounded.
The jackal bites you. The jackal closely misses you. The jackal bites you.
You die...

##..h....###
#..........#
+........♣.
#......... #.......
#..... #.K.# ####hh#
##.##@## ### ##.#...#
..# .#######.###..##
.. #.# ........##
#...####.# #.#
########.###....#...
#.#
##.#....#♣.♣#######.#
##.....^...........#
#....♣.♣.♣#♣.####.#
##...........# #.#


You could see 2 jackals and a kobold.

Vanquished Creatures
  2 jackals (D:1)
2 creatures vanquished.

Notes
Turn   | Place    | Note
-------+----------+-------------------------------------------
     0 | D:1      | browni3141 the Demonspawn Cinder Acolyte began the quest
                  | for the Orb.
     0 | D:1      | Reached XP level 1. HP: 18/18 MP: 2/2
    93 | D:1      | Slain by a jackal

Illustrated notes

Levels and vault maps discovered:
D:1:      wheals_arrival_linesprint, layout_loops_corners, serial_shops, shop,
          serial_forest, infiniplex_forest_lined_4_way,
          infiniplex_forest_clump_double, infiniplex_forest_lined_1,
          infiniplex_forest_lined_3_way, infiniplex_forest_clump_small,
          infiniplex_forest_end_double, infiniplex_forest_straight_4,
          infiniplex_forest_clump_small, infiniplex_forest_lined_3_way

Action                     || total
---------------------------++-------
  Melee: Mace              ||    14
 Armour: Robe              ||    16
  Dodge: Dodged            ||    18
